 Dungeon Crawl Stone Soup version 0.31-a0-765-g67fe2935dc (webtiles) character file.

Game seed: 6651194961676738265

13864 cforsyth the Fighter (level 12, -6/89 HPs)
             Began as a Djinni Delver on Sept 15, 2023.
             Was an Elder of Hepliaklqana.
             Mangled by a boulder beetle (20 damage)
             ... on level 10 of the Dungeon.
             The game lasted 00:19:39 (10995 turns).

cforsyth the Fighter (Djinni Delver)               Turns: 10995, Time: 00:19:40

Health: -6/89      AC:  5    Str: 10    XL:     12   Next: 38%
Gold:   449        EV: 17    Int: 16    God:    Hepliaklqana [****..] SH:  0 Dex: 16

rFire   + + .        i - +5 war axe "Heoxa" {chaos, Fly rElec rCorr Str-5}
rCold   . . .        (no shield)
rNeg    . . .        F - +0 leather armour of Disappointment {rC+ Will+ Str+4}
rPois   ∞            w - +0 helmet
rElec   +            u - +0 cloak
rCorr   +            (no gloves)
SInv    +            (boots unavailable)
Will    ++...        (no amulet)
Stlth   ++           k - +5 ring of evasion
HPRegen 0.34/turn    n - ring of see invisible
MPRegen 0.00/turn

%: infuse magic (-7 HP)
@: flying
A: reduced essence, sickness immunity, fire resistance 2, cold vulnerability 1,
float, innate caster, HP casting, extra vitality 1
a: Renounce Religion, Recall Ancestor, Ancestor Identity, Transference, Idealise


You were on level 10 of the Dungeon.
You worshipped Hepliaklqana.
Hepliaklqana was greatly pleased with you.
You visited 2 branches of the dungeon, and saw 12 of its levels.
You also visited: Sewer and Bailey.

You collected 617 gold pieces.
You spent 168 gold pieces at shops.

Inventory:

Hand Weapons
 a - a +0 falchion
 i - the +5 war axe "Heoxa" (weapon) {chaos, Fly rElec rCorr Str-5}
   (You found it on level 4 of the Dungeon)

   Str-5:     It affects your strength (-5).
   rElec:     It insulates you from electricity.
   Fly:       It grants you flight.
   rCorr:     It protects you from acid and corrosion.
 L - a +4 falchion
Armour
 b - a +0 leather armour
 o - a +3 leather armour
 u - a +0 cloak (worn)
 w - a +0 helmet (worn)
 F - the +0 leather armour of Disappointment (worn) {rC+ Will+ Str+4}
   (You bought it in a shop on level 3 of the Dungeon)

   Str+4:     It affects your strength (+4).
   rC+:       It protects you from cold.
   Will+:     It increases your willpower.
Jewellery
 k - a +5 ring of evasion (left hand)
 n - a ring of see invisible (right hand)
 H - a ring of willpower
 Q - the amulet of Elemental Vulnerability {rPois rF-- rC-- AC+8}
   (You found it on level 8 of the Dungeon)

   [amulet of nothing]

   AC+8:      It affects your AC (+8).
   rF--:      It makes you very vulnerable to fire.
   rC--:      It makes you very vulnerable to cold.
   rPois:     It protects you from poison
Wands
 g - a wand of digging (3)
 A - a wand of acid (5)
 M - a wand of flame (22)
 T - a wand of iceblast (1)
 U - a wand of charming (9)
Scrolls
 c - 3 scrolls of fog
 e - 4 scrolls of fear
 j - a scroll of brand weapon {unknown}
 p - 5 scrolls of blinking {unknown}
 r - 3 scrolls of teleportation
 s - 4 scrolls of immolation {unknown}
 t - 2 scrolls of acquirement {unknown}
 v - a scroll of amnesia {unknown}
 x - 3 scrolls of noise {unknown}
 y - 4 scrolls of enchant armour {unknown}
 z - a scroll of vulnerability {unknown}
 D - a scroll of enchant weapon {unknown}
 G - a scroll of revelation
 I - 2 scrolls of torment {unknown}
 J - 2 scrolls of butterflies {unknown}
 O - 2 scrolls of silence {unknown}
Potions
 d - a potion of heal wounds {unknown}
 f - 2 potions of haste
 h - a potion of resistance {unknown}
 l - a potion of enlightenment {unknown}
 m - 2 potions of lignification
 q - a potion of experience {unknown}
 B - a potion of berserk rage {unknown}
 C - 4 potions of mutation
 N - a potion of attraction
 P - 2 potions of cancellation
 R - a potion of brilliance
 S - 2 potions of invisibility


   Skills:
 + Level 13.8 Fighting
 - Level 1.7 Long Blades
 - Level 2.1 Dodging
 - Level 4.1 Stealth
 + Level 10.2 Spellcasting
 + Level 10.2 Conjurations
 + Level 10.2 Hexes
 + Level 10.2 Summonings
 + Level 10.2 Necromancy
 + Level 10.2 Translocations
 + Level 10.2 Transmutations
 + Level 10.2 Fire Magic
 + Level 10.2 Ice Magic
 + Level 10.2 Air Magic
 + Level 10.2 Earth Magic
 + Level 10.2 Poison Magic


You knew the following spells:

 Your Spells              Type           Power      Damage    Failure   Level
a - Freeze                Ice            100%       1d10      1%          1
b - Call Imp              Summ           82%        N/A       1%          2
c - Mephitic Cloud        Conj/Pois/Air  41%        N/A       1%          3
d - Gell's Gravitas       Tloc           41%        N/A       1%          3
e - Lee's Rapid Deconstr  Erth           20%        3d12*     4%          5
Your spell library was empty.

Dungeon Overview and Level Annotations

Branches:
Dungeon (11/15)            Temple (1/1) D:5            Lair (0/5) D:10
    Orc (0/2) D:10          Sewer (visited)          Bailey (visited)

Altars:
Ashenzari
Cheibriados
Dithmenos
Elyvilon
Fedhas
Gozag
Hepliaklqana
Makhleb
Nemelex Xobeh
Okawaru
Qazlal
Ru
Trog
Uskayaw
Wu Jian
Xom
Yredelemnul
Zin
The Shining One

Shops:
D:3 [

Annotations:
D:7 1 runed translucent door


Innate Abilities, Weirdness & Mutations

Your life essence is reduced to manifest your ancestor. (-10% HP)
You are immune to sickness and miasma.
You are immune to poison.
Your flesh is very heat resistant. (rF++)
You are vulnerable to cold. (rC-)
You float through the air rather than walking.
You learn spells naturally, not from books.
Your magical power is your life essence.
You have superior vitality. (+4 MHP)


Message History

You fly upwards.
There is a stone staircase leading down here.
Casting: Mephitic Cloud (safe; 1% risk of failure)
Confirm with . or Enter, or press ? or * to list all spells.
Aiming: Mephitic Cloud (safe; 1% risk of failure)
Press: ? - help, Shift-Dir - straight line, f - boulder beetle
Aim: a boulder beetle (heavily wounded, chance to affect: 43%)
The ball explodes into a vile cloud!
The stinking cloud engulfs the boulder beetle but does no damage.
The boulder beetle is heavily wounded.
The stinking cloud engulfs you but does no damage.
The boulder beetle is engulfed in noxious fumes.
The boulder beetle waves its antennae.
The boulder beetle bites you!
Casting: Mephitic Cloud (safe; 1% risk of failure)
Confirm with . or Enter, or press ? or * to list all spells.
A tiny devil pulls itself out of the air.
The boulder beetle is engulfed in noxious fumes.
The boulder beetle closely misses you.
You slash the boulder beetle! You freeze the boulder beetle.
The boulder beetle is heavily wounded.
The boulder beetle is engulfed in noxious fumes.
The boulder beetle bites you!
Your cerulean imp hits the boulder beetle but does no damage.
The boulder beetle is engulfed in noxious fumes.
The boulder beetle bites you.
You barely miss the boulder beetle.
The boulder beetle is heavily wounded.
Your cerulean imp hits the boulder beetle but does no damage.
The boulder beetle is engulfed in noxious fumes.
The boulder beetle bites you!!
* * * LOW HITPOINT WARNING * * *
Your cerulean imp hits the boulder beetle but does no damage.
Okay, then.
As you read the scroll of fear, it crumbles to dust.
You assume a fearsome visage.
The boulder beetle resists with some effort.
The boulder beetle is engulfed in noxious fumes.
The boulder beetle bites you!!
You die...

'........#....#.....'.....#......
#........#....#.....#.....#......
#........#....#.....#.....#......
#........#....#.....#######......
#........#....#..................
#........#....#..................
#........#....#..................
#'########....#'##########+#####.
..............5☼@[...............
...............°B................
.................................
###..........#########...........
..#..........#.......#...........
..#.....###..#.......#)..........
..#..####.+..#.......#...........
).#..#....#..#.......'...........
..#..#....#..#.......#...........


You could see a boulder beetle (ally target) and a friendly cerulean imp
(summoned).

Vanquished Creatures
  2 two-headed ogres
  2 trolls
  2 spriggans (Bailey)
  A wyvern (D:7)
  18 yaks
  A wraith (D:10)
  2 acid dragons
  Duvessa (D:6)
  A water moccasin (Sewer)
  3 orc warriors
  2 ice beasts
  3 black bears
  2 ogres
  2 bullfrogs
  2 kobold brigands (D:8)
  4 scorpions
  6 wights (D:7)
  4 killer bees (D:7)
  4 howler monkeys
  A hound (D:5)
  5 orc priests
  A jelly (D:6)
  8 orc wizards
  5 gnolls
  8 adders
  2 river rats (D:3)
  A white imp (D:6)
  An ufetubus (D:5)
  A worm (D:3)
  A dart slug (D:4)
  21 orcs
  7 ball pythons
  7 endoplasms
  3 giant cockroaches
  7 hobgoblins
  A jackal (Sewer)
  5 quokkas
  5 bats
  7 frilled lizards
  9 goblins
  10 kobolds
  8 rats
186 creatures vanquished.

Vanquished Creatures (collateral kills)
  A boulder beetle (D:11)
  2 two-headed ogres (D:9)
  Grinder (D:6)
  2 wyverns
  5 spriggans (Bailey)
  9 yaks
  3 steam dragons
  3 orc warriors
  An ice beast (D:7)
  A black bear (D:10)
  2 ogres (Bailey)
  2 centaurs
  Dowan (D:6)
  2 killer bees (D:7)
  A howler monkey (D:8)
  A gnoll bouda (D:7)
  2 jellies
  2 orc priests
  An iguana (D:6)
  2 orc wizards
  4 gnolls (D:7)
  10 orcs
  A bat (D:1)
  An endoplasm (D:1)
  3 goblins
  A quokka (D:1)
  A ball python (D:2)
  A rat (D:1)
66 creatures vanquished.

Vanquished Creatures (others)
  A yak (D:10)
  2 knights
3 creatures vanquished.

Grand Total: 255 creatures vanquished

Notes
Turn   | Place    | Note
-------+----------+-------------------------------------------
     0 | D:5      | cforsyth the Djinni Delver began the quest for the Orb.
     0 | D:5      | Reached XP level 1. HP: 20/20 MP: 0/0
    38 | D:4      | Reached XP level 2. HP: 19/25 MP: 0/0
    45 | D:5      | Reached skill level 1 in Spellcasting
    45 | D:5      | Reached skill level 1 in Conjurations
    45 | D:5      | Reached skill level 1 in Hexes
    45 | D:5      | Reached skill level 1 in Summonings
    45 | D:5      | Reached skill level 1 in Necromancy
    45 | D:5      | Reached skill level 1 in Translocations
    45 | D:5      | Reached skill level 1 in Transmutations
    45 | D:5      | Reached skill level 1 in Fire Magic
    45 | D:5      | Reached skill level 1 in Ice Magic
    45 | D:5      | Reached skill level 1 in Air Magic
    45 | D:5      | Reached skill level 1 in Earth Magic
    45 | D:5      | Reached skill level 1 in Poison Magic
    83 | D:4      | Identified the +5 war axe "Heoxa" {chaos, Fly rElec rCorr
                  | Str-5}
    98 | D:4      | Reached XP level 3. HP: 30/30 MP: 0/0
    98 | D:4      | Learned a level 1 spell: Freeze
   202 | D:4      | Reached XP level 4. HP: 22/37 MP: 0/0
   205 | D:4      | Reached skill level 4 in Fighting
   402 | D:4      | Reached XP level 5. HP: 40/41 MP: 0/0
   402 | D:4      | Learned a level 2 spell: Call Imp
   672 | D:5      | Reached XP level 6. HP: 49/49 MP: 0/0
   676 | D:5      | Reached skill level 5 in Fighting
   848 | D:5      | Noticed an ice beast
   859 | D:5      | Killed an ice beast
   901 | D:5      | Noticed an ogre
   913 | D:5      | Killed an ogre
   914 | D:5      | Reached XP level 7. HP: 21/55 MP: 0/0
   914 | D:5      | Learned a level 3 spell: Mephitic Cloud
  1063 | D:5      | Found a staircase to the Ecumenical Temple.
  1174 | Temple   | Entered the Ecumenical Temple
  1212 | Temple   | Became a worshipper of Hepliaklqana the Forgotten
  1380 | D:3      | Reached skill level 6 in Fighting
  1388 | D:3      | Found a glowing drain.
  1396 | Sewer    | Entered a sewer
  1462 | Sewer    | Noticed a water moccasin
  1470 | Sewer    | Killed a water moccasin
  1667 | D:3      | Found Tesianu's Antique Armour Emporium.
  1697 | D:3      | Found an iron altar of Okawaru.
  2103 | D:2      | Reached * piety under Hepliaklqana
  3443 | D:1      | Reached XP level 8. HP: 55/55 MP: 0/0
  3677 | D:3      | Bought an encrusted leather armour for 168 gold pieces
  3677 | D:3      | Identified the +0 leather armour of Disappointment {rC+
                  | Will+ Str+4} (You bought it in a shop on level 3 of the
                  | Dungeon)
  4030 | D:6      | Reached skill level 7 in Fighting
  4158 | D:6      | Noticed Grinder
  4171 | D:6      | Killed Grinder
  4172 | D:6      | Reached skill level 5 in Spellcasting
  4172 | D:6      | Reached skill level 5 in Conjurations
  4172 | D:6      | Reached skill level 5 in Hexes
  4172 | D:6      | Reached skill level 5 in Summonings
  4172 | D:6      | Reached skill level 5 in Necromancy
  4172 | D:6      | Reached skill level 5 in Translocations
  4172 | D:6      | Reached skill level 5 in Transmutations
  4172 | D:6      | Reached skill level 5 in Fire Magic
  4172 | D:6      | Reached skill level 5 in Ice Magic
  4172 | D:6      | Reached skill level 5 in Air Magic
  4172 | D:6      | Reached skill level 5 in Earth Magic
  4172 | D:6      | Reached skill level 5 in Poison Magic
  4303 | D:6      | Reached ** piety under Hepliaklqana
  4305 | D:6      | Found a basalt altar of Yredelemnul.
  4306 | D:6      | Remembered your ancestor Lufti as a knight
  4388 | D:6      | Noticed Dowan
  4391 | D:6      | Noticed Duvessa
  4401 | D:6      | Killed Duvessa
  4402 | D:6      | Reached skill level 8 in Fighting
  4402 | D:6      | Reached XP level 9. HP: 55/63 MP: 0/0
  4402 | D:6      | Learned a level 3 spell: Gell's Gravitas
  4402 | D:6      | Killed Dowan
  4932 | D:7      | Found a runed translucent door.
  4932 | D:7      | Noticed a sixfirhy
  5231 | D:7      | Reached skill level 9 in Fighting
  5236 | D:7      | HP: 1/65 [yak (6)]
  5304 | D:7      | Reached XP level 10. HP: 23/71 MP: 0/0
  5534 | D:7      | Reached skill level 10 in Fighting
  6630 | D:8      | Found the amulet of Elemental Vulnerability {rPois rF--
                  | rC-- AC+8}
  7116 | D:8      | Reached skill level 11 in Fighting
  7336 | D:9      | Noticed a two-headed ogre
  7346 | D:9      | Killed a two-headed ogre
  7562 | D:9      | Reached *** piety under Hepliaklqana
  7601 | D:9      | Reached XP level 11. HP: 78/78 MP: 0/0
  7601 | D:9      | Learned a level 5 spell: Lee's Rapid Deconstruction
  7613 | D:9      | Noticed a two-headed ogre
  7623 | D:9      | Killed a two-headed ogre
  7977 | D:9      | Reached skill level 12 in Fighting
  8503 | D:10     | Entered Level 10 of the Dungeon
  8556 | D:10     | Found a staircase to the Orcish Mines.
  8592 | D:10     | Found a flagged portal.
  8610 | Bailey   | Entered a bailey
  8922 | Bailey   | Noticed a two-headed ogre
  8955 | Bailey   | Killed a two-headed ogre
  9355 | D:10     | Reached skill level 13 in Fighting
  9932 | D:10     | Found a staircase to the Lair.
  9945 | D:10     | Reached XP level 12. HP: 44/88 MP: 0/0
 10412 | D:11     | Reached **** piety under Hepliaklqana
 10628 | D:11     | Noticed a two-headed ogre
 10634 | D:11     | Killed a two-headed ogre
 10635 | D:11     | Reached skill level 10 in Spellcasting
 10635 | D:11     | Reached skill level 10 in Conjurations
 10635 | D:11     | Reached skill level 10 in Hexes
 10635 | D:11     | Reached skill level 10 in Summonings
 10635 | D:11     | Reached skill level 10 in Necromancy
 10635 | D:11     | Reached skill level 10 in Translocations
 10635 | D:11     | Reached skill level 10 in Transmutations
 10635 | D:11     | Reached skill level 10 in Fire Magic
 10635 | D:11     | Reached skill level 10 in Ice Magic
 10635 | D:11     | Reached skill level 10 in Air Magic
 10635 | D:11     | Reached skill level 10 in Earth Magic
 10635 | D:11     | Reached skill level 10 in Poison Magic
 10711 | D:11     | Noticed a boulder beetle
 10968 | D:11     | Noticed a boulder beetle
 10969 | D:11     | Killed a boulder beetle
 10995 | D:10     | Mangled by a boulder beetle

Illustrated notes

Levels and vault maps discovered:
D:1:      grunt_arrival_crossed_arrows, layout_loops_ring,
          amcnicky_mini_corridor_feature
D:2:      layout_basic
D:3:      layout_basic, okawaru_metal_pillars_3, portal_sewer_entry_e,
          serial_shops, shop
D:4:      layout_basic
D:5:      layout_loops_ring, minmay_temple_entry_junction
D:6:      layout_rooms, nicolae_overflow_hidden_temple, minmay_statues_item,
          minmay_strange_pillars, uniq_duvessa, uniq_grinder
D:7:      cheibrodos_shockbox, layout_basic
D:8:      layout_gridville
D:9:      layout_basic
D:10:     layout_irregular_city, grunt_lair_entry_orc_guard_hut, orc_0_dummy,
          enter_bailey_3, grunt_ministairs_12
D:11:     layout_roguey, nicolae_sif_muna_little_library
Temple:   mainiacjoe_temple_cubbyholes

Skill      XL: |  1  2  3  4  5  6  7  8  9 10 11 12 |
---------------+-------------------------------------+-----
Spellcasting   | 1 2 3 4 5 6 8 9 10 | 10.2
Conjurations   | 1 2 3 4 5 6 8 9 10 | 10.2
Hexes          | 1 2 3 4 5 6 8 9 10 | 10.2
Summonings     | 1 2 3 4 5 6 8 9 10 | 10.2
Necromancy     | 1 2 3 4 5 6 8 9 10 | 10.2
Translocations | 1 2 3 4 5 6 8 9 10 | 10.2
Transmutations | 1 2 3 4 5 6 8 9 10 | 10.2
Fire Magic     | 1 2 3 4 5 6 8 9 10 | 10.2
Ice Magic      | 1 2 3 4 5 6 8 9 10 | 10.2
Air Magic      | 1 2 3 4 5 6 8 9 10 | 10.2
Earth Magic    | 1 2 3 4 5 6 8 9 10 | 10.2
Poison Magic   | 1 2 3 4 5 6 8 9 10 | 10.2
Fighting       | 4 5 6 8 9 11 13 | 13.8
Long Blades    | |  1.7
Dodging        | |  2.1
Stealth        | |  4.1

Action                     |  1- 3 |  4- 6 |  7- 9 | 10-12 || total
---------------------------+-------+-------+-------+-------++-------
  Melee: Falchion          |    11 |       |       |       ||    11
         War axe           |    17 |    45 |   187 |   203 ||   452
         Punch             |     1 |       |     3 |     1 ||     5
   Cast: Gell's Gravitas   |       |       |     8 |       ||     8
         Lee's Rapid Decon |       |       |       |    42 ||    42
         Mephitic Cloud    |       |       |       |     7 ||     7
         Call Imp          |       |       |       |     5 ||     5
 Invoke: Ancestor Life: Kn |       |       |     1 |       ||     1
         Recall Ancestor   |       |       |       |     4 ||     4
  Evoke: Wand              |       |       |       |     8 ||     8
    Use: Scroll            |       |       |     1 |    15 ||    16
         Potion            |       |       |       |     4 ||     4
   Stab: Sleeping          |     2 |     2 |    17 |     1 ||    22
         Paralysed         |       |     2 |       |       ||     2
         Distracted        |       |       |     1 |     3 ||     4
         Petrified         |       |       |     4 |       ||     4
 Armour: Leather armour    |    16 |    24 |    96 |   163 ||   299
         Skin              |       |       |       |    10 ||    10
  Dodge: Dodged            |    24 |    38 |   148 |   305 ||   515

Table legend: (Time is in decaauts)
 A = Elapsed time spent in this place.
 B = Non-inter-level travel time spent in this place.
 C = Inter-level travel time spent in this place.
 D = Time resting spent in this place.
 E = Time spent auto-exploring this place.
 F = Levels seen in this place.
 G = Mean time per level.
                   A        B        C        D        E       F      G
               +--------+--------+--------+--------+--------+-----+--------+
         Total |  11226 |  10578 |    648 |    472 |   8010 |  14 |  801.9 |
       Dungeon |  10351 |   9767 |    584 |    153 |   7774 |  11 |  941.0 |
        Temple |     74 |     10 |     64 |      0 |      0 |   1 |   74.0 |
         Sewer |    131 |    131 |      0 |      0 |     92 |   1 |  131.0 |
        Bailey |    668 |    668 |      0 |    319 |    144 |   1 |  668.0 |
               +--------+--------+--------+--------+--------+-----+--------+

Top non-repeatable levels by time:
     D:7: 1498 daAuts
    D:10: 1381 daAuts
     D:9: 1325 daAuts
     D:5: 984 daAuts
     D:6: 984 daAuts
     D:2: 981 daAuts
     D:8: 764 daAuts
     D:1: 688 daAuts
  Bailey: 668 daAuts
     D:4: 645 daAuts
     D:3: 613 daAuts
    D:11: 484 daAuts
   Sewer: 131 daAuts
  Temple: 74 daAuts
